 Dungeon Crawl Stone Soup version 0.21.1-1-g345015f (webtiles) character file.

300 letownia2 the Magician (level 6, 0/44 HPs)
             Began as a Merfolk Wizard on Mar 18, 2018.
             Killed themself with a badly aimed fireball (2 damage)
             ... on level 4 of the Dungeon.
             The game lasted 00:10:54 (1621 turns).

letownia2 the Magician (Merfolk Wizard)             Turns: 1621, Time: 00:10:54

Health: 0/44       AC:  2    Str:  9    XL:     6   Next: 36%
Magic:  2/12       EV: 16    Int: 18    God:
Gold:   97         SH:  0    Dex: 12    Spells: 4/13 levels left

rFire    + . .     SeeInvis .   a - +0 quarterstaff
rCold    + . .     Gourm    .   (shield currently unavailable)
rNeg     . . .     Faith    .   j - +0 robe
rPois    +         Spirit   .   b - +0 hat
rElec    +         Reflect  .   (no cloak)
rCorr    +         Harm     .   (no gloves)
MR       .....                  (no boots)
Stlth    ++........             v - amulet of magic regeneration
HPRegen  0.14/turn              p - +3 ring of evasion
MPRegen  0.13/turn              (no ring)

@: resistant, flying
A: change form in water, swift swim, stealthy swim
a: no special abilities


You were on level 4 of the Dungeon.
You were not hungry.

You visited 1 branch of the dungeon, and saw 5 of its levels.

You collected 97 gold pieces.

Inventory:

Hand Weapons
 a - a +0 quarterstaff (weapon)
 f - a cursed -1 hand axe
 h - a +0 short sword
Armour
 b - a +0 hat (worn)
 j - a +0 robe (worn)
 k - a cursed +0 ring mail
 q - a +0 helmet
 r - a +0 ring mail
Jewellery
 p - a +3 ring of evasion (left hand)
 s - an uncursed ring of ice
 v - an amulet of magic regeneration (around neck)
Wands
 o - a wand of random effects (24)
 w - a wand of acid (6)
Scrolls
 e - 4 scrolls of identify {unknown}
 t - a scroll of noise {unknown}
Potions
 l - a potion of degeneration {unknown}
 n - a potion of brilliance
 u - a potion of ambrosia {unknown}
Books
 c - a book of Minor Magic

   Spells                             Type                      Level
   a - Magic Dart                     Conjuration                  1
   b - Blink                          Translocation                2
   c - Call Imp                       Summoning                    2
   d - Slow                           Hexes                        2
   e - Conjure Flame                  Conjuration/Fire             3
   f - Mephitic Cloud                 Conjuration/Poison/Air       3
Comestibles
 d - 3 rations


   Skills:
 + Level 2.2 Fighting
 - Level 2.6 Dodging
 - Level 2.1 Stealth
 + Level 4.0 Spellcasting
 - Level 2.2 Conjurations
 - Level 2.2 Summonings
   Level 0.7 Translocations
 - Level 1.6 Air Magic
 - Level 2.3 Poison Magic


You had 4 spell levels left.
You knew the following spells:

 Your Spells              Type           Power        Failure   Level  Hunger
a - Magic Dart            Conj           ##..         6%          1    None
c - Conjure Flame         Conj/Fire      #.......     28%         3    ###....
e - Mephitic Cloud        Conj/Pois/Air  ##......     19%         3    ###....
i - Call Imp              Summ           ##......     9%          2    ##.....


Dungeon Overview and Level Annotations

Branches:
Dungeon (5/15)
 Temple: D:4-7

Altars:
Dithmenos
Xom

Annotations:
D:2 Jessica
D:3 letownia2's ghost, novice MfWz


Message History

You kill the orc!
The bolt of acid misses the orc.
The phantom blinks!
Unknown command.
Unknown command.
Unknown command.
Evoke which item? (* to show all) (? for menu, Esc to quit)
Aiming: Random Effects
Press: ? - help, Shift-Dir - straight line, f/p - orc
Aim: an orc, wielding a short sword and wearing a ring mail (lightly wounded)
The orc seems to speed up.
The orc closely misses you.
Unknown command.
Unknown command.
Evoke which item? (* to show all) (? for menu, Esc to quit)
Aiming: Random Effects
Press: ? - help, Shift-Dir - straight line, f/p - orc
Aim: an orc, wielding a short sword and wearing a ring mail (lightly wounded, fast)
The fireball explodes!
The fireball engulfs the orc.
You kill the orc!
The fireball engulfs you! You resist.
You die...

#>..†....).?...'...
#####)...o.....#...
#)....§.#### .
#..!....# #5......#
#o......# #.#######
#.########.#
#.)))@.W...#
############


You could see a phantom.

Vanquished Creatures
  A sky beast (D:5)
  A jelly (D:5)
  A centaur skeleton (D:4)
  An orc wizard (D:4)
  Natasha (twice) (D:4)
  A hound skeleton (D:4)
  2 adders
  A worm (D:4)
  A leopard gecko (D:5)
  5 orcs (D:4)
  3 giant cockroaches
  2 hobgoblins (D:2)
  4 jackals
  2 frilled lizards (D:1)
  4 kobolds
  4 rats
35 creatures vanquished.

Vanquished Creatures (collateral kills)
  An adder (D:2)
  An ooze (D:2)
  An orc (D:5)
  A kobold (D:3)
  A rat (D:3)
5 creatures vanquished.

Grand Total: 40 creatures vanquished

Notes
Turn   | Place    | Note
-------+----------+-------------------------------------------
     0 | D:1      | letownia2 the Merfolk Wizard began the quest for the Orb.
     0 | D:1      | Reached XP level 1. HP: 13/13 MP: 4/4
   114 | D:1      | Reached skill level 1 in Conjurations
   184 | D:2      | Noticed Jessica
   302 | D:2      | Reached XP level 2. HP: 14/19 MP: 1/6
   329 | D:3      | Learned a level 2 spell: Call Imp
   407 | D:2      | Noticed a phantom
   575 | D:2      | Found a faded altar of an unknown god.
   600 | D:2      | Found a shimmering altar of Xom.
   639 | D:3      | Noticed letownia2's ghost (novice MfWz)
   644 | D:3      | Reached XP level 3. HP: 24/24 MP: 0/7
   860 | D:3      | Learned a level 3 spell: Mephitic Cloud
  1000 | D:5      | Entered Level 5 of the Dungeon
  1026 | D:4      | Found a shadowy altar of Dithmenos.
  1067 | D:4      | Noticed Natasha
  1142 | D:4      | Killed Natasha
  1142 | D:4      | Reached skill level 1 in Poison Magic
  1142 | D:4      | Reached XP level 4. HP: 11/30 MP: 1/8
  1259 | D:5      | Noticed a sky beast
  1272 | D:5      | Learned a level 3 spell: Conjure Flame
  1356 | D:5      | Killed a sky beast
  1356 | D:5      | Reached skill level 1 in Air Magic
  1356 | D:5      | Reached XP level 5. HP: 9/35 MP: 1/10
  1422 | D:5      | Reached skill level 1 in Fighting
  1433 | D:5      | Noticed a centaur
  1440 | D:4      | Noticed Natasha
  1494 | D:4      | Reached XP level 6. HP: 21/43 MP: 5/11
  1504 | D:4      | Noticed a phantom
  1563 | D:4      | Killed Natasha
  1564 | D:4      | Reached skill level 4 in Spellcasting
  1618 | D:4      | HP: 2/44 [phantom (8)]
  1621 | D:4      | Killed themself with a badly aimed fireball

Skill      XL: |  1  2  3  4  5  6 |
---------------+-------------------+-----
Conjurations   | 1 2 |  2.2
Summonings     | 2 |  2.2
Poison Magic   | 1 2 |  2.3
Air Magic      | 1 |  1.6
Fighting       | 1 2 |  2.2
Spellcasting   | 4 |  4.0
Dodging        | |  2.6
Stealth        | |  2.1
Translocations | |  0.7

Action                   |  1- 3 |  4- 6 || total
-------------------------+-------+-------++-------
Melee: Quarterstaff      |    42 |    18 ||    60
       Short sword       |     9 |       ||     9
       Unarmed           |     7 |       ||     7
 Cast: Magic Dart        |    30 |    16 ||    46
       Call Imp          |     8 |     7 ||    15
       Mephitic Cloud    |     2 |     1 ||     3
       Conjure Flame     |       |     5 ||     5
Evoke: Wand              |     1 |     4 ||     5
  Use: Potion            |     1 |     4 ||     5
 Stab: Sleeping          |     3 |       ||     3
  Eat: Chunk             |       |     1 ||     1
       Ration            |       |     1 ||     1
Armor: Robe              |     9 |     2 ||    11
       Skin              |     4 |       ||     4
Dodge: Dodged            |    49 |    16 ||    65
